 Dungeon Crawl Stone Soup version 0.29-a0-356-g7bc237e783 (webtiles) character file.

Game seed: 13713283467677949891

422 NinjaNoafa the Sneak (level 7, -1/41 HPs)
             Began as a Kobold Brigand on Apr 26, 2022.
             Was an Initiate of Ashenzari.
             Slain by a black bear (10 damage)
             ... on level 4 of the Dungeon.
             The game lasted 00:07:53 (4386 turns).

NinjaNoafa the Sneak (Kobold Brigand)               Turns: 4386, Time: 00:07:55

Health: -1/41      AC:  3    Str:  8    XL:     7   Next: 17%
Magic:  10/10      EV: 15    Int: 13    God:    Ashenzari [......]
Gold:   212        SH:  0    Dex: 18    Spells: 11/11 levels left

rFire   x . .      SeeInvis .   a - +2 dagger
rCold   + . .      Faith    .   (no shield)
rNeg    . . .      Spirit   .   b - +0 robe
rPois   .          Reflect  .   (no helmet)
rElec   .          Harm     .   c - +0 cloak
rCorr   .          Rampage  .   (no gloves)
Will    .....                   (no boots)
Stlth   ++++......              (no amulet)
HPRegen 0.13/turn               j - ring of wizardry
MPRegen 0.12/turn               C - ring of ice

@: no status effects
A: small, no large weapons, nightstalker 3
a: Renounce Religion


You were on level 4 of the Dungeon.
You worshipped Ashenzari.
Ashenzari was noncommittal.
You visited 2 branches of the dungeon, and saw 5 of its levels.
You also visited: Sewer.

You collected 212 gold pieces.

Inventory:

Hand Weapons
 a - a +2 dagger (weapon)
 f - a +1 dagger of speed
 k - a +0 dagger of venom
Missiles
 d - 12 poisoned darts (quivered)
 e - 3 curare-tipped darts
 l - 67 stones
 B - a throwing net
Armour
 b - a +0 robe (worn)
 c - a +0 cloak (worn)
 i - a +0 cloak
 o - +0 fire dragon scales
Jewellery
 j - a ring of wizardry (left hand)
 C - a ring of ice (right hand)
Wands
 v - a wand of mindburst (15)
Scrolls
 h - 3 scrolls of teleportation
 n - a scroll of noise
 p - a scroll of amnesia
 r - 2 scrolls of fear {unknown}
 t - a scroll of vulnerability {unknown}
 u - a scroll of enchant armour {unknown}
 y - a scroll of identify
 z - 2 scrolls of magic mapping {unknown}
Potions
 g - 2 potions of heal wounds {unknown}
 m - 2 potions of curing {unknown}
 q - 2 potions of invisibility {unknown}
 s - a potion of might {unknown}
 w - a potion of brilliance {unknown}
 x - 2 potions of cancellation
 A - 2 potions of flight {unknown}
 D - a potion of degeneration {unknown}


   Skills:
 + Level 3.4 Fighting
 + Level 4.1 Short Blades
 + Level 3.4 Throwing
 + Level 3.1 Dodging
 + Level 6.4 Stealth
 * Level 2.5 Spellcasting
 * Level 2.4 Summonings


You had 11 spell levels left.
You didn't know any spells.
Your spell library contained the following spells:

 Spells                   Type           Power      Damage    Failure   Level
 Call Canine Familiar     Summ           8%         N/A       11%         3
 Static Discharge         Conj/Air       1%         N/A       16%         2
 Portal Projectile        Hex/Tloc       2%         N/A       28%         3
 Dispel Undead            Necr           1%         3d6       65%         4
 Leda's Liquefaction      Hex/Erth       0%         N/A       65%         4
 Sticky Flame             Conj/Fire      1%         2d3       65%         4


Dungeon Overview and Level Annotations

Branches:
Dungeon (4/15)             Temple (1/1) D:4           Sewer (visited)

Altars:
Ashenzari
Cheibriados
Elyvilon
Fedhas
Gozag
Hepliaklqana
Kikubaaqudgha
Okawaru
Qazlal
Wu Jian
Xom
Yredelemnul
Zin


Innate Abilities, Weirdness & Mutations

You are small and have problems with some larger weapons.
You are completely attuned to the shadows.


Message History

You throw a poisoned dart. The poisoned dart hits the black bear.
The black bear is poisoned.
The black bear growls angrily.
Throw: 13 darts (poison)
Press: ? - help, Q - select action, (/) - cycle Shift-Dir - straight line, f/p - black bear
Aim: a black bear (lightly wounded, poisoned, 70% to hit)
You throw a poisoned dart.
The poisoned dart barely misses the black bear.
The black bear bites you but does no damage.
The black bear misses you. The black bear claws you.
You hit the black bear.
The black bear is moderately wounded.
The black bear closely misses you. The black bear claws you.
The black bear completely misses you.
You hit the black bear.
The black bear is severely wounded.
The black bear bites you.
The black bear claws you but does no damage.
The black bear completely misses you.
The black bear attacks as you move away!
The black bear bites you. The black bear claws you.
The black bear closely misses you.
You hit the black bear.
The black bear is almost dead.
The black bear looks more healthy.
You hit the black bear but do no damage.
The black bear is almost dead.
The black bear goes berserk!
You hit the black bear but do no damage.
The black bear is severely wounded.
The black bear bites you! The black bear barely misses you.
The black bear claws you.
The black bear attacks as you move away!
The black bear bites you!
* * * LOW HITPOINT WARNING * * *
The black bear claws you but does no damage.
The black bear claws you.
* * * LOW HITPOINT WARNING * * *
The black bear bites you!
You die...

##.###.............##.######..##.
#+# ####..........##..# ##[##.
#...........###'### #..#.
#..)##......#.....#####.#.
#)..##......#.⌠.⌠.#...#...
#...##......+..>..'...##..
#)..##......#.⌠.⌠.#...##..
######......#.....#.......
#(.....h@..###+###...###.
#...........##.......###.
#...........###.......###
............# #..........
#...........# #....######
#..)..## #....##...#
#.....####....#.....
#...........#.#.....
###########...#.....


You could see a black bear (berserk).

Vanquished Creatures
  Pargi (Sewer)
  3 wights (D:4)
  3 iguanas (D:4)
  2 adders (D:3)
  A worm (D:2)
  A dart slug (D:2)
  An orc (D:3)
  2 endoplasms
  5 giant cockroaches
  5 goblins
  4 hobgoblins
  5 jackals
  9 quokkas
  3 ball pythons
  6 bats
  2 frilled lizards
  8 kobolds
  10 rats
71 creatures vanquished.

Notes
Turn   | Place    | Note
-------+----------+-------------------------------------------
     0 | D:1      | NinjaNoafa the Kobold Brigand began the quest for the Orb.
     0 | D:1      | Reached XP level 1. HP: 12/12 MP: 1/1
   129 | D:1      | Reached XP level 2. HP: 18/18 MP: 2/2
   677 | D:1      | Found a faded altar of an unknown god.
   682 | D:1      | Reached XP level 3. HP: 22/22 MP: 3/3
  2146 | D:3      | Reached XP level 4. HP: 27/27 MP: 4/4
  2815 | D:3      | Found a glowing drain.
  2850 | Sewer    | Entered a sewer
  2927 | Sewer    | Noticed Pargi
  2939 | Sewer    | Killed Pargi
  2940 | Sewer    | Reached skill level 6 in Stealth
  2940 | Sewer    | Reached skill level 1 in Spellcasting
  2940 | Sewer    | Reached skill level 1 in Summonings
  2940 | Sewer    | Reached XP level 5. HP: 18/32 MP: 5/7
  2940 | Sewer    | Reached XP level 6. HP: 21/37 MP: 5/8
  3450 | D:4      | Found a staircase to the Ecumenical Temple.
  3456 | Temple   | Entered the Ecumenical Temple
  3687 | Temple   | Became a worshipper of Ashenzari the Shackled
  4046 | D:4      | Reached XP level 7. HP: 41/41 MP: 8/10
  4386 | D:4      | Slain by a black bear

Illustrated notes

Levels and vault maps discovered:
D:1:      minmay_arrival_diagonal_passages, layout_basic,
          ebering_ecumenical_altar_webs
D:2:      layout_basic
D:3:      layout_loops_cross, gup_sewer_entry_pipe, minmay_quantized
D:4:      layout_basic, minmay_temple_entry_hall, minmay_misc_feat_enclosed
Temple:   dshaligram_water_room_temple

Skill      XL: |  1  2  3  4  5  6 |
---------------+-------------------+-----
Short Blades   | 3 4 |  4.1
Dodging        | 2 3 |  3.1
Fighting       | 3 |  3.4
Throwing       | 3 |  3.4
Stealth        | 6 |  6.4
Spellcasting   | 1 2 |  2.5
Summonings     | 1 2 |  2.4

Action                   |  1- 3 |  4- 6 |  7- 9 || total
-------------------------+-------+-------+-------++-------
Melee: Dagger            |   103 |    58 |    22 ||   183
       Punch             |     1 |       |       ||     1
Throw: Dart              |       |     2 |     4 ||     6
Evoke: Wand              |       |     3 |       ||     3
  Use: Scroll            |       |     4 |       ||     4
 Stab: Sleeping          |    24 |    20 |       ||    44
Armor: Robe              |     8 |     9 |     4 ||    21
Dodge: Dodged            |    47 |    30 |    16 ||    93

Table legend: (Time is in decaauts)
 A = Elapsed time spent in this place.
 B = Non-inter-level travel time spent in this place.
 C = Inter-level travel time spent in this place.
 D = Time resting spent in this place.
 E = Time spent auto-exploring this place.
 F = Levels seen in this place.
 G = Mean time per level.
                   A        B        C        D        E       F      G
               +--------+--------+--------+--------+--------+-----+--------+
         Total |   4363 |   4243 |    120 |    100 |   3566 |   6 |  727.2 |
       Dungeon |   3840 |   3736 |    104 |    100 |   3126 |   4 |  960.0 |
        Temple |    247 |    231 |     16 |      0 |    206 |   1 |  247.0 |
         Sewer |    275 |    275 |      0 |      0 |    234 |   1 |  275.0 |
               +--------+--------+--------+--------+--------+-----+--------+

Top non-repeatable levels by time:
     D:1: 1336 daAuts
     D:3: 973 daAuts
     D:4: 795 daAuts
     D:2: 735 daAuts
   Sewer: 275 daAuts
  Temple: 247 daAuts
